 Dungeon Sprint DCSS version 0.22-a0-32-ga749362 (webtiles) character file.

477 Faca the Whirler (level 7, -5/49 HPs)
             Began as a Halfling Hunter on Jan 3, 2018.
             Slain by a spriggan
             ... wielding a +0 rapier
              (6 damage)
             ... in the Dungeon (Sprint V: "Ziggurat Sprint").
             The game lasted 00:03:50 (214 turns).

Faca the Whirler (Halfling Hunter)                   Turns: 214, Time: 00:03:50

Health: -5/49      AC: 16    Str: 20    XL:     7   Next: 33%
Magic:  7/7        EV: 13    Int:  9    God:
Gold:   0          SH:  0    Dex: 22    Spells: 6/6 levels left

rFire    . . .     SeeInvis .   a - +0 dagger (elec)
rCold    . . .     Gourm    .   (shield restricted)
rNeg     . . .     Faith    .   l - +5 shadow dragon scales
rPois    .         Spirit   .   (no helmet)
rElec    .         Reflect  .   (no cloak)
rCorr    .         Harm     .   (no gloves)
MR       .....     NoTele   +   (no boots)
Stlth    ++++......             (no amulet)
HPRegen  0.16/turn              B - +6 ring of dexterity
MPRegen  0.10/turn              F - +6 ring of strength

@: no status effects
A: small, mutation resistance 1
a: no special abilities


You were in the Dungeon.
You were not hungry.

You visited 1 branch

Inventory:

Hand Weapons
 a - a +0 dagger of electrocution (weapon)
 m - a +5 fustibalus
Missiles
 d - 1010 sling bullets
Armour
 l - +5 shadow dragon scales (worn)
Jewellery
 B - a +6 ring of dexterity (left hand)
 C - a +6 ring of dexterity
 D - a +6 ring of intelligence
 E - a +6 ring of intelligence
 F - a +6 ring of strength (right hand)
 G - a +6 ring of strength
Wands
 y - a wand of disintegration (7)
 z - a wand of iceblast (7)
 A - a wand of acid (7)
Scrolls
 c - 7 scrolls of fog
 k - 4 scrolls of blinking
 o - a scroll of holy word
 p - 5 scrolls of identify
 q - 5 scrolls of remove curse
 r - 2 scrolls of fear
Potions
 e - 10 potions of curing
 g - 10 potions of heal wounds
 h - 6 potions of haste
 i - 7 potions of magic
 j - 3 potions of berserk rage
 s - 2 potions of brilliance
 t - 2 potions of invisibility
 u - 4 potions of resistance
 w - 5 potions of agility
 x - 5 potions of might
Comestibles
 f - 7 rations


   Skills:
 + Level 4.4 Fighting
 + Level 2.4 Short Blades
 + Level 17.2 Slings
 + Level 3.3 Armour
 + Level 4.5 Dodging
 * Level 5.3 Stealth


You had 6 spell levels left.
You didn't know any spells.

Dungeon Overview and Level Annotations

Branches:
Dungeon (1/1)

Altars:
Ashenzari
Cheibriados
Dithmenos
Elyvilon
Fedhas
Gozag
Hepliaklqana
Kikubaaqudgha
Makhleb
Nemelex Xobeh
Okawaru
Qazlal
Ru
Sif Muna
Trog
Uskayaw
Vehumet
Wu Jian
Xom
Yredelemnul
Zin
The Shining One
Beogh
Jiyva
Lugonu

Annotations:
D 1 transporter


Innate Abilities, Weirdness & Mutations

You are small and have problems with some larger weapons.
You are somewhat resistant to further mutation.


Message History

The black bear claws you but does no damage. x2
You hit the black bear.
The black bear is severely wounded.
The black bear bites you but does no damage.
The black bear closely misses you.
The black bear claws you but does no damage.
You closely miss the black bear.
The black bear is severely wounded.
The black bear goes berserk!
You hit the black bear.
Lightning courses through the black bear!
You kill the black bear!
Your Slings skill increases to level 17!
Your Stealth skill increases to level 5!
You barely miss the spriggan. The spriggan hits you with a rapier!
* * * LOW HITPOINT WARNING * * *
You closely miss the spriggan.
The spriggan hits you but does no damage.
You completely miss the spriggan. The spriggan hits you with a rapier.
You die...

▓..©..▓..©..▓▓▓▓▓
▓▓▓▓▓▓▓▓▓▓▓▓▓▓
▓..8©8...▓
▓..|([...▓
▓...}....▓
▓...(....▓
▓........▓
▓i▓....▓.▓
▓@).©....▓
▓▓▓▓▓▓▓▓▓▓


You could see a spriggan.

Vanquished Creatures
  A spriggan (D)
  A black bear (D)
  A wolf (D)
  A wight (D)
  A quasit (D)
  2 orc wizards (D)
  2 shadow imps (D)
  A white imp (D)
  An orc (D)
  A ball python skeleton (D)
12 creatures vanquished.

Notes
Turn   | Place    | Note
-------+----------+-------------------------------------------
     0 | D        | Found the +6 Majin-Bo {vamp, Archmagi MP+6 Int+6}
     0 | D        | Found the +7 great mace "Firestarter" {inner flame, rF++}
     0 | D        | Faca the Halfling Hunter began the quest for the Orb.
     0 | D        | Reached XP level 1. HP: 14/14 MP: 1/1
     3 | D        | Found a blossoming altar of Fedhas.
     4 | D        | Found a viscous altar of Jiyva.
     4 | D        | Found a hazy altar of Hepliaklqana.
     4 | D        | Found a transporter.
     4 | D        | Found an opulent altar of Gozag.
     4 | D        | Found an ancient bone altar of Kikubaaqudgha.
     4 | D        | Found a corrupted altar of Lugonu.
    23 | D        | Found a burning altar of Makhleb.
    24 | D        | Found a sacrificial altar of Ru.
    24 | D        | Found a stormy altar of Qazlal.
    24 | D        | Found a deep blue altar of Sif Muna.
    24 | D        | Found an iron altar of Okawaru.
    24 | D        | Found a bloodstained altar of Trog.
    24 | D        | Found a sparkling altar of Nemelex Xobeh.
    41 | D        | Found the +6 shillelagh "Devastator" {shatter}
    41 | D        | Found the +11 plutonium sword {*Contam Stlth-}
    41 | D        | Found the +8 lance "Wyrmbane" {slay drac, rPois rF+ rC+ AC+3}
    41 | D        | Found the +9 sword of Zonguldrok {reap}
    41 | D        | Found the cursed +13 scythe of Curses {drain, *Curse}
    41 | D        | Found the +0 sword of Power
    41 | D        | Found the +9 mace of Variability {chaos}
    41 | D        | Found the +7 Singing Sword
    41 | D        | Found the +7 longbow "Piercer" {penet, EV-2}
    42 | D        | Found the +9 heavy crossbow "Sniper" {velocity, Acc+∞ SInv}
    42 | D        | Found the +10 dark maul {crush}
    42 | D        | Found the +15 Maxwell's patent armour {-Cast -Tele rElec MR+ rCorr}
    42 | D        | Found the +18 shield of the Gong {rElec rN+ MR+ EV-5}
    42 | D        | Found the cursed +14 obsidian axe {chop, +Fly SInv *Curse}
    51 | D        | Reached skill level 11 in Slings
    51 | D        | Reached XP level 2. HP: 19/19 MP: 2/2
    55 | D        | Entered arena 2.
    55 | D        | Noticed a wight
    55 | D        | Found a transporter.
    57 | D        | Killed a wight
    57 | D        | Reached skill level 13 in Slings
    57 | D        | Reached XP level 3. HP: 24/24 MP: 3/3
    58 | D        | Reached XP level 4. HP: 29/29 MP: 4/4
    69 | D        | Entered arena 3.
    69 | D        | Found a transporter.
   121 | D        | Reached skill level 14 in Slings
   121 | D        | Reached XP level 5. HP: 32/35 MP: 5/5
   150 | D        | Entered arena 4.
   150 | D        | Found a transporter.
   153 | D        | Reached skill level 15 in Slings
   178 | D        | Entered arena 5.
   178 | D        | Noticed a black bear
   178 | D        | Noticed a spriggan
   178 | D        | Noticed a spriggan
   178 | D        | Noticed a wolf
   178 | D        | Found a transporter.
   201 | D        | Killed a wolf
   201 | D        | Reached skill level 1 in Short Blades
   201 | D        | Reached skill level 16 in Slings
   201 | D        | Reached skill level 1 in Armour
   201 | D        | Reached XP level 6. HP: 20/42 MP: 6/6
   206 | D        | Killed a spriggan
   206 | D        | Reached XP level 7. HP: 9/48 MP: 7/7
   211 | D        | Reached skill level 17 in Slings
   211 | D        | Reached skill level 5 in Stealth
   212 | D        | HP: 1/49 [spriggan/rapier (9)]
   214 | D        | Slain by a spriggan

Vault maps used:
D:        sprint_v

Skill      XL: |  1  2  3  4  5  6  7 |
---------------+----------------------+-----
Slings         | 11 13 14 16 17 | 17.2
Fighting       | 2 3 4 |  4.4
Dodging        | 3 4 |  4.5
Short Blades   | 1 2 |  2.4
Armour         | 1 3 |  3.3
Stealth        | 3 4 5 |  5.3

Action                   |  1- 3 |  4- 6 |  7- 9 || total
-------------------------+-------+-------+-------++-------
Melee: Hunting sling     |       |    18 |       ||    18
       Short sword       |       |    14 |       ||    14
       Dagger            |       |    20 |     8 ||    28
 Fire: Hunting sling     |     3 |    21 |       ||    24
       Fustibalus        |       |     4 |       ||     4
  Use: Potion            |     1 |       |       ||     1
Armor: Shadow dragon sca |       |    73 |     8 ||    81
Dodge: Dodged            |       |    47 |     2 ||    49

Table legend:
 A = Spawn XP
 B = Non-spawn XP
 C = Spawn XP percentage of total XP
 D = Spawn monster count
 E = Non-spawn monster count
 F = Spawn count percentage of total count
 G = Total turns spent on level
                    A         B        C        D         E        F      G
               +---------+---------+-------+---------+---------+-------+---------
         Total |       0 |     673 |   0.0 |       0 |      12 |   0.0 |   214
               +---------+---------+-------+---------+---------+-------+---------
             D |       0 |     673 |   0.0 |       0 |      12 |   0.0 |   214
               +---------+---------+-------+---------+---------+-------+---------
